 Dungeon Crawl Stone Soup version 0.20-a0-513-g02c11fc (webtiles) character file.

74 Klosterheim the Magician (level 4, 0/24 HPs)
             Began as a Deep Elf Ice Elementalist on Jan 22, 2017.
             Slain by a gnoll
             ... wielding a +0 halberd
              (9 damage)
             ... on level 3 of the Dungeon.
             The game lasted 00:03:47 (2111 turns).

Klosterheim the Magician (DEIE)                     Turns: 2111, Time: 00:03:48

Health: 0/24       AC:  2    Str:  5    XL:     4   Next: 10%
Magic:  5/12       EV: 12    Int: 21    God:
Gold:   94         SH:  3    Dex: 15    Spells: 5/11 levels left

rFire    . . .     SeeInvis .   k - +2 dagger (venom)
rCold    . . .     Gourm    +   a - +0 robe
rNeg     . . .     Faith    .   u - +0 buckler
rPois    .         Spirit   .   (no helmet)
rElec    .         Reflect  .   (no cloak)
rCorr    .         Harm     .   (no gloves)
MR       .....                  (no boots)
Stlth    ++........             j - amulet of the gourmand
Regen    0.1/turn               (no ring)
                                (no ring)

@: very slightly contaminated
A: no striking features
a: no special abilities


You were on level 3 of the Dungeon.
You were completely stuffed.

You visited 1 branch of the dungeon, and saw 3 of its levels.

You collected 94 gold pieces.

Inventory:

Hand Weapons
 k - a +2 dagger of venom (weapon)
Armour
 a - a +0 robe (worn)
 u - a +0 buckler (worn)
Jewellery
 g - an uncursed ring of fire
 h - an uncursed amulet of regeneration
 j - an amulet of the gourmand (around neck)
 w - an uncursed amulet of magic regeneration {unknown}
Wands
 s - a wand of random effects (32/48)
Scrolls
 f - a scroll of fog {unknown}
 m - 3 scrolls of teleportation {unknown}
 p - 4 scrolls of identify {unknown}
 q - a scroll of blinking {unknown}
 v - a scroll of remove curse {unknown}
Potions
 e - 3 potions of agility {unknown}
 l - 2 potions of resistance {unknown}
 n - a potion of flight {unknown}
 o - a potion of heal wounds {unknown}
 r - 2 potions of curing {unknown}
 t - a potion of haste {unknown}
Books
 b - a book of Frost

   Spells                             Type                      Level
   a - Freeze                         Ice                          1
   b - Throw Frost                    Conjuration/Ice              2
   c - Ozocubu's Armour               Charms/Ice                   3
   d - Throw Icicle                   Conjuration/Ice              4
   e - Summon Ice Beast               Ice/Summoning                4
Comestibles
 c - 2 bread rations
 d - 4 fruits
 i - a meat ration
 x - 2 chunks of flesh


   Skills:
 - Level 0.1 Fighting
 - Level 0.4 Short Blades
 - Level 2.8 Dodging
 - Level 2.8 Stealth
 + Level 4.4 Spellcasting
 - Level 1.1 Conjurations
 * Level 4.1 Ice Magic


You had 5 spell levels left.
You knew the following spells:

 Your Spells              Type           Power        Failure   Level  Hunger
a - Freeze                Ice            ###.         4%          1    None
b - Throw Frost           Conj/Ice       ###...       12%         2    #......
c - Ozocubu's Armour      Chrm/Ice       ##......     28%         3    ##.....


Dungeon Overview and Level Annotations

Branches:
Dungeon (3/15)

Altars:


Message History

The air around you crackles with energy!
Casting: Throw Frost
Confirm with . or Enter, or press ? or * to list all spells.
Aiming: Throw Frost
Press: ? - help, Shift-Dir - straight line, f/p - gnoll
Aim: a gnoll, wielding a halberd (heavily wounded)
The puff of frost hits the gnoll.
The gnoll is severely wounded.
The gnoll hits you from afar with a halberd!
Ouch! That really hurt!
Casting: Throw Frost
Confirm with . or Enter, or press ? or * to list all spells.
Aiming: Throw Frost
Press: ? - help, Shift-Dir - straight line, f/p - gnoll
Aim: a gnoll, wielding a halberd (severely wounded)
The puff of frost misses the gnoll.
The puff of frost hits the gnoll.
The gnoll is moderately wounded.
You block the gnoll's attack.
The gnoll hits you from afar with a halberd!
You die...

#.........#
#.........###
#............
#.........#
#......g..#..#
#...gg>...#..#
####g######..#
#######.######..#
#.......@.....>..
#.######.######.#
.............#.#
#######.####.#<#
#.#......#
#.#.##.#.# #.#
#..#.# #.# ##.#.#
#.# #.#.#


You could see 2 gnolls.

Vanquished Creatures
  An adder (D:2)
  2 oozes (D:1)
  A worm (D:2)
  A dart slug (D:1)
  2 leopard geckos
  A ball python (D:1)
  6 giant cockroaches
  4 goblins
  10 hobgoblins
  7 bats
  2 frilled lizards
  6 kobolds
  4 rats
47 creatures vanquished.

Notes
Turn   | Place    | Note
-------+----------+-------------------------------------------
     0 | D:1      | Klosterheim the Deep Elf Ice Elementalist began the quest for the Orb.
     0 | D:1      | Reached XP level 1. HP: 10/10 MP: 6/6
   181 | D:1      | Reached XP level 2. HP: 14/15 MP: 1/8
   525 | D:1      | Reached XP level 3. HP: 12/19 MP: 2/10
   959 | D:2      | Learned a level 2 spell: Throw Frost
   963 | D:2      | Learned a level 3 spell: Ozocubu's Armour
  1399 | D:2      | Reached XP level 4. HP: 18/24 MP: 1/12
  2111 | D:3      | Slain by a gnoll

Vault maps used:
D:1:      wheals_arrival_shading, minmay_pentomino_r4
D:2:      first_bread
D:3:      hangedman_abyss_or_decor_stabs

Skill      XL: |  1  2  3 |
---------------+----------+-----
Spellcasting   | 4 |  4.4
Ice Magic      | 4 |  4.1
Fighting       | |  0.1
Short Blades   | |  0.4
Dodging        | |  2.8
Stealth        | |  2.8
Conjurations   | |  1.1

Action                   |  1- 3 |  4- 6 || total
-------------------------+-------+-------++-------
Melee: Unarmed           |     4 |       ||     4
       Dagger            |    24 |     6 ||    30
 Cast: Freeze            |    47 |     9 ||    56
       Throw Frost       |     5 |     3 ||     8
       Ozocubu's Armour  |     2 |       ||     2
 Stab: Sleeping          |     3 |       ||     3
  Eat: Chunk             |    14 |     2 ||    16
Armor: Robe              |    11 |     4 ||    15
Dodge: Dodged            |    52 |    13 ||    65
Block: Buckler           |     1 |     3 ||     4
